Map: [ESL] Gresvan

Players

HeroMarine - Winner!

  • Race: Terran Terran
  • Spawn Location: 5:00

Geralt (Gerald)

  • Race: Protoss Protoss
  • League: Grandmaster
  • Spawn Location: 11:00

Event: HomeStory Cup XXIII

VOD

Have the link to the VOD?

Description

Time

  • Played on: June 30, 2023, 1:15 p.m.
  • Length: 8:31

All games in this series

Show
View Real Time Build Order
Export as new Build Order

HeroMarine Terran - Winner!

Build Orders: Reaper Expand 

Get SALT Encoding   

  12  0:00  SCV  
  13  0:12  SCV  
  14  0:17  Supply Depot  
  14  0:24  SCV  
  15  0:38  SCV  
  15  0:39  Barracks  
  16  0:43  Refinery  
  16  0:50  SCV  
  17  1:02  SCV  
  18  1:15  SCV  
  19  1:25  Reaper  
  19  1:27  Orbital Command  
  20  1:37  Command Center  
  20  1:44  Supply Depot  
  20  1:52  SCV  
  21  1:57  Marine  
  22  2:04  SCV  
  22  2:05  Factory  
  23  2:11  Refinery  
  23  2:15  Marine  
  24  2:16  SCV  
  24  2:22  Bunker  
  25  2:28  SCV  
  26  2:33  Barracks Reactor  
  26  2:40  SCV  
  27  2:51  Hellion  
  29  2:52  Starport, SCV  
  29  2:55  Orbital Command  
  30  3:04  SCV  
  31  3:10  Marine x2  
  31  3:12  Widow Mine  
  35  3:17  SCV  
  36  3:20  Supply Depot  
  36  3:21  SCV  
  37  3:28  Marine x2  
  37  3:29  SCV, Medivac  
  37  3:33  SCV  
  43  3:36  Factory Tech Lab  
  43  3:41  SCV  
  44  3:45  Marine, SCV  
  44  3:46  Marine  
  44  3:47  Supply Depot  
  47  3:53  SCV  
  48  3:58  SCV  
  51  4:03  Marine x2, Cyclone  
  51  4:05  SCV, Starport Tech Lab  
  51  4:07  Barracks  
  52  4:10  SCV  
  53  4:17  SCV  
  53  4:19  Barracks  
  53  4:21  Marine x2  
  53  4:23  SCV, Supply Depot  
  57  4:24  Raven  
  57  4:29  SCV  
  60  4:34  Engineering Bay  
  60  4:39  Marine  
  60  4:40  SCV, Supply Depot  
  60  4:44  SCV, Siege Tank  
  66  4:47  Supply Depot  
  66  4:48  Refinery  
  66  4:52  SCV  
  67  4:53  Marine  
  67  4:56  SCV  
  67  4:57  Marine  
  70  5:03  Stimpack  
  70  5:05  Terran Infantry Weapons Level 1  
  71  5:07  Marine  
  71  5:09  Refinery  
  71  5:11  Marine  
  71  5:13  Barracks Tech Lab, Supply Depot  
  74  5:14  Marine  
  74  5:15  Barracks  
  74  5:17  Barracks  
  74  5:20  SCV x2  
  75  5:25  Siege Tank  
  75  5:27  Supply Depot  
  78  5:30  Marine  
  78  5:31  Marine, Starport Reactor  
  78  5:32  Marine  
  78  5:34  Marine  
  82  5:36  SCV  
  82  5:38  SCV  
  82  5:40  Combat Shield  
  84  5:45  Supply Depot  
  84  5:48  Marine  
  84  5:49  Marine  
  86  5:50  Marine  
  86  5:55  Marine  
  86  5:56  Supply Depot  
  88  5:57  Siege Tank  
  88  5:58  Missile Turret  
  88  6:03  Marine  
  92  6:04  Marine  
  92  6:06  Marine  
  92  6:07  Marine  
  92  6:09  Medivac, Supply Depot  
  92  6:11  Medivac  
  99  6:12  Marine  
  99  6:13  Marine  
  100  6:20  Marine  
  100  6:22  Marine  
  100  6:24  Marine  
  100  6:25  Marine  
  100  6:30  Marine  
  100  6:31  Marine  
  100  6:32  Siege Tank  
  105  6:38  Marine  
  105  6:39  Medivac  
  105  6:40  Marine  
  105  6:41  Marine  
  105  6:43  Marine  
  105  6:44  Medivac  
  110  6:48  Marine  
  110  6:49  Marine  
  112  6:56  Marine  
  112  6:58  Marine  
  112  6:59  Marine  
  112  7:01  Marine  
  116  7:05  Marine  
  116  7:07  Marine  
  113  7:09  Medivac  
  113  7:14  Marine  
  114  7:16  Marine  
  114  7:17  Marine  
  114  7:18  Marine  
  110  7:23  Marine  
  110  7:25  Marine  
  93  7:32  Marine  
  93  7:33  Marine, Siege Tank  
  93  7:35  Marine  
  93  7:36  Marine  
  98  7:41  Marine  
  98  7:42  Marine  
  100  7:45  Medivac  
  100  7:49  Marine  
  103  7:51  Marine  
  103  7:54  Marine x2  
  101  7:59  Marine  
  101  8:00  Marine  
  102  8:07  Marine  
  102  8:09  Marine  
  102  8:11  Marine  
  102  8:12  Marine  
Show
View Real Time Build Order
Export as new Build Order

Geralt Protoss 

Build Orders: 1 Gate Expand, Phoenix Opening, Zealot Archon 

Get SALT Encoding   

  12  0:00  Probe  
  13  0:12  Probe  
  14  0:17  Pylon  
  14  0:24  Probe (Chrono Boost)  
  16  0:36  Probe (Chrono Boost), Gateway  
  16  0:42  Probe (Chrono Boost)  
  16  0:45  Assimilator  
  17  0:51  Probe  
  18  1:03  Probe  
  19  1:15  Probe  
  20  1:23  Cybernetics Core  
  20  1:28  Probe  
  21  1:33  Nexus  
  21  1:40  Pylon  
  21  1:44  Assimilator  
  21  1:47  Probe  
  22  1:57  Adept (Chrono Boost)  
  22  1:59  Probe  
  25  2:11  Probe  
  26  2:18  Stargate  
  26  2:20  Adept (Chrono Boost)  
  28  2:23  Probe  
  29  2:33  Warp Gate  
  29  2:35  Probe  
  30  2:44  Adept  
  30  2:46  Probe  
  30  2:47  Probe  
  34  2:59  Probe  
  34  3:01  Probe  
  34  3:03  Phoenix (Chrono Boost)  
  38  3:11  Probe  
  39  3:13  Probe  
  39  3:14  Pylon  
  39  3:19  Phoenix (Chrono Boost)  
  40  3:23  Probe  
  40  3:25  Probe  
  44  3:34  Shield Battery  
  44  3:35  Probe  
  44  3:40  Probe, Phoenix  
  45  3:47  Probe  
  48  3:52  Probe  
  49  4:01  Probe  
  50  4:04  Nexus  
  50  4:05  Phoenix (Chrono Boost)  
  50  4:09  Twilight Council  
  52  4:11  Probe  
  52  4:15  Pylon  
  52  4:16  Probe  
  54  4:20  Gateway  
  54  4:24  Gateway  
  54  4:29  Assimilator  
  54  4:33  Probe  
  54  4:35  Pylon  
  54  4:37  Zealot  
  57  4:40  Gateway  
  57  4:41  Probe  
  57  4:42  Charge (Chrono Boost)  
  58  4:46  Probe  
  58  4:49  Pylon  
  59  4:53  Probe  
  59  4:55  Phoenix  
  59  4:58  Probe  
  63  5:01  Pylon  
  63  5:05  Probe  
  64  5:10  Probe  
  64  5:14  Forge  
  65  5:17  Probe x2  
  65  5:18  Pylon  
  67  5:22  Phoenix (Chrono Boost), Probe  
  67  5:27  Zealot  
  72  5:29  Probe  
  72  5:31  Probe  
  72  5:35  Pylon  
  74  5:39  Gateway x2  
  74  5:40  Protoss Ground Armor Level 1 (Chrono Boost)  
  74  5:41  Probe  
  75  5:50  Probe  
  75  5:51  Zealot x3  
  75  5:56  Gateway  
  82  6:00  Gateway  
  82  6:05  Probe x3  
  82  6:10  Zealot  
  87  6:12  Pylon  
  87  6:22  Phoenix  
  89  6:26  Zealot x3  
  89  6:27  Probe  
  89  6:29  Templar Archives  
  89  6:30  Pylon  
  89  6:32  Probe  
  97  6:41  Pylon  
  97  6:45  Probe  
  97  6:46  Zealot x5  
  108  6:47  Phoenix  
  110  6:56  Zealot x3  
  110  6:57  Pylon  
  110  6:58  Pylon  
  114  7:09  High Templar x2  
  114  7:10  Zealot x3  
  114  7:13  Archon  
  112  7:26  Zealot x3  
  82  7:31  Zealot x3  
  82  7:33  Phoenix  
  80  7:44  Zealot  
  80  7:48  Zealot  
  80  7:49  Zealot x2  
  78  7:54  Probe  
  78  7:55  Zealot x2  
  78  7:58  Phoenix  
  79  7:59  Zealot  
  79  8:04  Zealot  
Tags
 
Add a new tag
Caveats
  • Supply blocks, unpowered buildings, or Contaminate may cause inaccurate times.
  • Supply counts are checked every 10 seconds.